 Dungeon Crawl Stone Soup version 0.32-a0-875-g23b751d (webtiles) character file.

Game seed: 13717741061400491607

681179 sekai the Slayer (level 27, -14/240 HPs)
             Began as a Human Wanderer on Mar 30, 2024.
             Was the Champion of the Shining One.
             Demolished by Mnoleg (24 damage)
             ... in Pandemonium.
             The game lasted 04:13:59 (69207 turns).

sekai the Slayer (Human Wanderer)                  Turns: 69207, Time: 04:14:00

Health: -14/240    AC: 44    Str: 21    XL:     27
Magic:  1/35       EV:  7    Int: 20    God:    the Shining One [******]
Gold:   4925       SH: 39    Dex: 21    Spells: 31/32 levels left

rFire   + . .        a - +9 broad axe of Bodily Harmony {speed, rElec rC+ Str+3 Stlth-}
rCold   + . .        I - +1 tower shield {AC+3}
rNeg    + + +        P - +8 gold dragon scales
rPois   +            e - +0 mask of the Dragon {Will+ Slay+3 SInv}
rElec   +            X - +2 cloak {rCorr}
rCorr   +            i - +2 pair of gloves of Weddemuamp {rC- Regen+ rCorr Dex+4}
SInv    +            D - +0 pair of boots of the Archfiend {*Corrode rElec rPois Will+++}
Will    +++++        Z - amulet of regeneration Stlth
                     G - ring of protection from fire
HPRegen 2.20/turn    q - ring of Youthful Indiscretion {*Corrode rC+ AC+4 Int+4 Dex+3}
MPRegen 0.24/turn

%: corrode self (6%)
@: mighty, lethally poisoned (-14 -> -14), divinely shielded, corroded, fragile
(+50% incoming damage), hasted, glowing, studying 2 skills, unable to drink,
very quick
A: explore regen, clumsy 1, dopey 1, electricity resistance, teleportitis 1,
cold vulnerability 1, heat vulnerability 1, inability to drink after injury 1,
persistent drain
}: 4/15 runes: serpentine, barnacled, silver, demonic
a: Renounce Religion, Divine Shield, Cleansing Flame, Summon Divine Warrior


You were in Pandemonium.
You worshipped the Shining One.
The Shining One was exalted by your worship.
You visited 11 branches of the dungeon, and saw 51 of its levels.
You visited Pandemonium 1 time, and saw 6 of its levels.
You visited the Abyss 1 time.
You visited 1 bazaar.
You also visited: Bailey and Gauntlet.

You collected 12444 gold pieces.
You spent 7519 gold pieces at shops.

Inventory:

Hand Weapons
 a - the +9 broad axe of Bodily Harmony (weapon) {speed, rElec rC+ Str+3 Stlth-}
   (Okawaru gifted it to you on level 1 of the Lair of Beasts)

   Str+3:     It affects your strength (+3).
   rC+:       It protects you from cold.
   rElec:     It insulates you from electricity.
   Stlth-:    It makes you less stealthy.
 b - a +9 broad axe of holy wrath
 p - a +2 antimagic war axe
Missiles
 j - 46 javelins (quivered)
 k - 14 atropa-tipped darts
 n - 4 throwing nets {!f}
 E - 28 silver javelins
 S - 26 curare-tipped darts {!f}
Armour
 e - the +0 mask of the Dragon (worn) {Will+ Slay+3 SInv}
   (You bought it in a shop on level 8 of the Dungeon)

   Slay+3:    It affects your accuracy & damage with ranged weapons and melee
   (+3).
   Will+:     It increases your willpower.
   SInv:      It lets you see invisible.
 i - the +2 pair of gloves of Weddemuamp (worn) {rC- Regen+ rCorr Dex+4}
   (You bought it in a shop on level 13 of the Dungeon)

   Dex+4:     It affects your dexterity (+4).
   rC-:       It makes you vulnerable to cold.
   Regen+:    It increases your rate of health regeneration.
   rCorr:     It protects you from acid and corrosion.
 D - the +0 pair of boots of the Archfiend (worn) {*Corrode rElec rPois Will+++}
   (You acquired it on level 11 of the Dungeon)

   rElec:     It insulates you from electricity.
   rPois:     It protects you from poison.
   Will+++:   It greatly increases your willpower.
   *Corrode:  It may corrode you when you take damage.
 I - a +1 tower shield of protection (worn)
 P - +8 gold dragon scales (worn)
 X - a +2 cloak of preservation (worn)
Jewellery
 c - a +4 ring of protection
 d - the ring "Ohibudd" {+Blink rCorr EV+5 SInv}
   (You found it on level 15 of the Dungeon)

   [ring of evasion]

   EV+5:      It affects your evasion (+5).
   SInv:      It lets you see invisible.
   +Blink:    It lets you blink.
   rCorr:     It protects you from acid and corrosion.
 g - a +4 ring of protection
 q - the ring of Youthful Indiscretion (right hand) {*Corrode rC+ AC+4 Int+4 Dex+3}
   (You bought it in a shop on level 1 of the Shoals)

   [ring of protection]

   AC+4:      It affects your AC (+4).
   Int+4:     It affects your intelligence (+4).
   Dex+3:     It affects your dexterity (+3).
   rC+:       It protects you from cold.
   *Corrode:  It may corrode you when you take damage.
 A - a ring of flight
 G - a ring of protection from fire (left hand)
 W - the ring "Cogez" {Will+ Int+3 SInv}
   (You found it on level 15 of the Dungeon)

   [ring of see invisible]

   Int+3:     It affects your intelligence (+3).
   Will+:     It increases your willpower.
   SInv:      It lets you see invisible.
 Y - a +4 ring of slaying
 Z - an amulet of regeneration (around neck)
Wands
 F - a wand of acid (29)
 L - a wand of paralysis (74)
 R - a wand of digging (21)
Scrolls
 l - 4 scrolls of fog
 s - 12 scrolls of fear
 t - 5 scrolls of enchant weapon
 v - 7 scrolls of poison
 y - 10 scrolls of revelation
 z - a scroll of butterflies
 B - 10 scrolls of blinking
 K - 10 scrolls of vulnerability
 M - 3 scrolls of silence
 N - 17 scrolls of teleportation
 Q - 2 scrolls of noise
 V - 11 scrolls of immolation
Potions
 h - 3 potions of mutation
 m - 10 potions of lignification
 o - 8 potions of attraction
 r - 5 potions of resistance
 u - 7 potions of ambrosia
 w - 7 potions of haste
 x - 8 potions of invisibility
 C - 15 potions of curing
 H - 2 potions of berserk rage
 J - 10 potions of heal wounds
 O - 6 potions of might
 T - 5 potions of cancellation
 U - 6 potions of enlightenment
Miscellaneous
 f - a phial of floods


   Skills:
 + Level 24.7 Fighting
 + Level 19.2 Axes
 - Level 1.5(12.7) Maces & Flails
 + Level 18.8 Throwing
 + Level 23.8 Armour
 - Level 5.0 Dodging
 + Level 11.7 Stealth
 + Level 24.2 Shields
 - Level 3.0 Spellcasting
 - Level 3.0 Necromancy
 - Level 1.1 Translocations
 + Level 16.5 Invocations
 - Level 14.0 Evocations


You had 31 spell levels left.
You knew the following spells:

 Your Spells              Type           Power      Damage    Failure   Level
a - Necrotise             Necr           60%        1d7       58%         1

Your spell library contained the following spells:

 Spells                   Type           Power      Damage    Failure   Level
 Sublimation of Blood     Necr           15%        N/A       75%         2
 Kiss of Death            Conj/Necr      36%        2d8       80%         1
 Apportation              Tloc           14%        N/A       86%         1
 Fugue of the Fallen      Necr           15%        N/A       92%         3
 Blink                    Tloc           14%        N/A       94%         2
 Lesser Beckoning         Tloc           14%        N/A       94%         2
 Freeze                   Ice            12%        1d3       95%         1
 Magic Dart               Conj           12%        1d3       95%         1
 Sandblast                Erth           6%         2d5       95%         1
 Shock                    Conj/Air       12%        1d3       95%         1
 Cigotuvi's Dreadful Rot  Necr/Alch/Air  14%        N/A       95%         2
 Momentum Strike          Conj/Tloc      10%        3d8       97%         2
 Call Imp                 Summ           6%         N/A       98%         2
 Ensorcelled Hibernation  Hex/Ice        6%         N/A       98%         2
 Jinxbite                 Hex            6%         N/A       98%         2
 Scorch                   Fire           6%         2d5       98%         2
 Static Discharge         Conj/Air       6%         3-4/arc   98%         2
 Teleport Other           Tloc           7%         N/A       99%         3
 Volatile Blastmotes      Fire/Tloc      10%        2d10      99%         3
 Confusing Touch          Hex            3%         N/A       100%        3
 Dazzling Flash           Conj/Hex       6%         N/A       100%        3
 Frozen Ramparts          Ice            6%         1d1       100%        3
 Hailstorm                Conj/Ice       3%         3d5       100%        3
 Inner Flame              Hex/Fire       3%         N/A       100%        3
 Mephitic Cloud           Conj/Alch/Air  3%         N/A       100%        3
 Ozocubu's Armour         Ice            3%         N/A       100%        3
 Sigil of Binding         Hex            3%         N/A       100%        3
 Stone Arrow              Conj/Erth      6%         3d7       100%        3
 Swiftness                Air            3%         N/A       100%        3
 Tukima's Dance           Hex            3%         N/A       100%        3
 Airstrike                Air            1%         2d(1-17)  100%        4
 Anguish                  Hex/Necr       4%         N/A       100%        4
 Animate Armour           Summ/Erth      6%         N/A       100%        4
 Brom's Barrelling Bould  Conj/Erth      3%         2d3       100%        4
 Cause Fear               Hex            1%         N/A       100%        4
 Dispel Undead            Necr           15%        3d10      100%        4
 Flame Wave               Conj/Fire      3%         2d5       100%        4
 Fulminant Prism          Conj/Alch      1%         3d5       100%        4
 Ignite Poison            Fire/Alch      3%         N/A       100%        4
 Iskenderun's Mystic Bla Conj/Tloc 5%             2d3        (+2d1     100%        4
 Leda's Liquefaction      Alch/Erth      1%         N/A       100%        4
 Maxwell's Portable Pile  Tloc           7%         2d(6-12)  100%        4
 Olgreb's Toxic Radiance  Alch           3%         N/A       100%        4
 Passage of Golubria      Tloc           7%         N/A       100%        4
 Petrify                  Alch/Erth      3%         N/A       100%        4
 Sticky Flame             Fire/Alch      3%         2d4       100%        4
 Summon Lightning Spire   Summ/Air       3%         N/A       100%        4
 Vhi's Electric Charge    Tloc/Air       10%        N/A       100%        4
 Curse of Agony           Necr           15%        N/A       100%        5
 Freezing Cloud           Conj/Ice/Air   1%         6-21      100%        5
 Irradiate                Conj/Alch      1%         3d12      100%        5
 Lee's Rapid Deconstruct  Erth           1%         3d4*      100%        5
 Metabolic Englaciation   Hex/Ice        1%         N/A       100%        5
 Silence                  Hex/Air        1%         N/A       100%        5
 Yara's Violent Unravell  Hex/Alch       1%         3d3       100%        5
 Bombard                  Conj/Erth      1%         9d1       100%        6
 Conjure Ball Lightning   Conj/Air       1%         3x3d6     100%        6
 Death Channel            Necr           7%         N/A       100%        6
 Permafrost Eruption      Ice/Erth       1%         2x4d2     100%        6
 Plasma Beam              Fire/Air       1%         2x1d11    100%        6
 Sculpt Simulacrum        Ice/Alch       1%         N/A       100%        6
 Enfeeble                 Hex            1%         N/A       100%        7
 Haunt                    Necr/Summ      4%         N/A       100%        7
 Manifold Assault         Tloc           3%         N/A       100%        7
 Ozocubu's Refrigeration  Ice            1%         4d7       100%        7
 Discord                  Hex            1%         N/A       100%        8
 Disjunction              Tloc           3%         N/A       100%        8
 Lehudib's Crystal Spear  Conj/Erth      1%         10d2      100%        8
 Dragon's Call            Summ           1%         N/A       100%        9
 Polar Vortex             Ice            1%         N/A       100%        9


Dungeon Overview and Level Annotations

Branches:
Dungeon (15/15)            Temple (1/1) D:5            Lair (5/5) D:9
 Shoals (4/4) Lair:2        Snake (4/4) Lair:3        Slime (0/5) Lair:4
    Orc (2/2) D:10            Elf (3/3) Orc:2        Vaults (5/5) D:13
  Crypt (3/3) Vaults:3       Tomb (0/3) Crypt:3      Depths (4/4) D:15
    Zot (5/5) Depths:4     Bailey (visited)         Gauntlet (visited)

Altars:
Ashenzari
Cheibriados
Dithmenos
Elyvilon
Fedhas
Gozag
Hepliaklqana
Kikubaaqudgha
Makhleb
Nemelex Xobeh
Okawaru
Qazlal
Ru
Sif Muna
Trog
Uskayaw
Vehumet
Wu Jian
Xom
Yredelemnul
Zin
The Shining One
Beogh

Shops:
D:2 *   D:5 ((   D:7 [((?(   D:8 [   D:13 [   D:15 (((   Orc:1 ?   Orc:2 [*[*
Elf:2 [![   Elf:3 *   Shoals:1 ***=?   Snake:1 *?(   Snake:3 !   Snake:4 =[[[
Vaults:1 :   Vaults:4 [   Depths:2 ==:

Portals:
Hell: Depths:1 Depths:2 Depths:3 Depths:4
Abyss: Depths:1 Depths:3 Depths:4
Pandemonium: Depths:1 Depths:2
Ziggurat: Depths:3
Trove: D:14 (give 5 scrolls of blinking)

Annotations:
D:15 1 transporter
Shoals:3 Polyphemus
Zot:5 exclusion: obsidian statue
Pan Mnoleg


Innate Abilities, Weirdness & Mutations

You regain HP and MP as you explore.
You are clumsy. (Dex -2)
You are dopey. (Int -2)
You are resistant to electric shocks. (rElec)
You are occasionally teleported next to monsters.
You are vulnerable to cold. (rC-)
You are vulnerable to heat. (rF-)
You occasionally lose the ability to drink potions when taking damage.
Your health recovers twice as slowly from being drained.


Message History

Mnoleg is almost dead.
You slice the tentacled monstrosity!!
You feel sick.
Mnoleg gestures.
The dungeon shakes, a horrible noise fills the air, and a portal to some otherworldly place is opened!
The tentacled monstrosity tentacle-slaps you but does no damage.
You block the tentacled monstrosity's attack. x2
The tentacled monstrosity grabs you.
The tentacled monstrosity constricts you.
You slash Mnoleg!
Mnoleg is almost dead.
You hit the tentacled monstrosity.
You feel sick.
You hit Mnoleg but do no damage.
Mnoleg is almost dead.
You slice the tentacled monstrosity!!
You feel sick.
Your daeva blocks the large abomination's attack.
The hellephant blinks!
Your daeva completely misses Mnoleg.
Your daeva hits Mnoleg with a +5 scimitar of holy wrath!
Mnoleg convulses.
Mnoleg bites you!
* * * LOW HITPOINT WARNING * * *
You feel your power leaking away. You block Mnoleg's attack. Mnoleg bites you!
* * * LOW HITPOINT WARNING * * *
You slice Mnoleg!!
Mnoleg is almost dead.
You slice the tentacled monstrosity!!
The tentacled monstrosity tentacle-slaps you but does no damage. x2
You block the tentacled monstrosity's attack.
The tentacled monstrosity constricts you.
You slice Mnoleg like a ripe choko!!!
Mnoleg is almost dead.
You slash the tentacled monstrosity!
You feel sick.
You slash Mnoleg!
Mnoleg is almost dead.
You slice the tentacled monstrosity!!
You kill the tentacled monstrosity!
The tentacled monstrosity disappears in a puff of smoke!
You feel sick. Mnoleg tail-slaps you!!
* * * LOW HITPOINT WARNING * * *
You are engulfed in flames!
You resist.
You die...

##..##...##.....##...#
##....##..?##...#....##
##..!...##...##.##...##
*#.§...........###...##
*...........#...#...##
*....§......##..†..##
*............##...##
*.............##...## #
*.....XA@§§§...##...## ##
*.....§&§§∩§...###...###.
*....!..X§§§..###)#..##..
*..##.Y......###..#.##..#
*.*,#.......###...(##..#.
*,**.......###......##..#
**,......?## #......###..
*#......## #......# ##.
**,,,,** ##....## ###


You could see Mnoleg (ally target), a hellephant (summoned, strong, resistant),
2 large abominations and a friendly daeva (summoned).

Vanquished Creatures
  4 pandemonium lords (Pan)
  Ignacio (Pan)
  2 orbs of fire (Zot:5)
  5 dread liches
  4 ancient liches
  A juggernaut (Depths:2)
  Josephina (Depths:3)
  6 Killer Klowns
  3 curse toes
  Boris (twice) (Elf:3 Depths:1)
  Saint Roka (Depths:2)
  A caustic shrike (Depths:3)
  11 golden dragons
  Jory (Crypt:3)
  2 bone dragons
  A pearl dragon (Abyss:2)
  A profane servitor (Crypt:3)
  2 electric golems (Zot:5)
  6 Tzitzimimeh (Pan)
  Rupert (D:14)
  19 tentacled monstrosities
  A Brimstone Fiend (Pan)
  Jorgrun (Shoals:2)
  8 liches
  Zenata (Vaults:4)
  25 Orb Guardians (Zot:5)
  An Ice Fiend (Pan)
  15 titans
  7 quicksilver dragons
  A Hell Sentinel (Pan)
  3 walking frostbound tomes (Pan)
  4 sphinxes
  7 deep elf blademasters
  10 deep elf master archers
  A kraken (Shoals:1)
  9 Executioners (Pan)
  An eldritch tentacle (Pan)
  6 ancient champions
  A tentacled starspawn (Abyss:2)
  10 storm dragons
  A death cob (Zot:3)
  11 shadow dragons
  Donald (Shoals:3)
  4 tengu reavers
  12 protean progenitors
  Roxanne (D:14)
  A draconian monk (Zot:4)
  Kirke (D:12)
  Agnes (Snake:3)
  2 revenants
  4 demonspawn warmongers (Pan)
  6 draconian knights
  9 nagarajas
  22 frost giants
  5 deep elf sorcerers
  10 fire giants
  3 draconian shifters
  20 vault wardens
  A deep elf elementalist (Elf:3)
  Louise (D:14)
  6 draconian stormcallers
  7 balrugs (Pan)
  A caustic shrike zombie (Crypt:3)
  3 demonspawn blood saints (Pan)
  6 reapers
  4 demonspawn corrupters (Pan)
  An iron dragon (Vaults:5)
  5 draconian scorchers
  14 cacodemons (Pan)
  A curse skull (Crypt:2)
  22 ironbound preservers
  5 draconian annihilators
  3 ghouls
  6 ironbound thunderhulks
  2 orc warlords
  5 ghost moths
  A formless jellyfish (Vaults:2)
  25 very ugly things
  A spriggan defender (Depths:2)
  18 stone giants
  9 deep elf death magi
  4 demonspawn black suns (Pan)
  14 vampire knights
  Nessos (D:14)
  6 green draconians
  7 black draconians
  7 deep elf demonologists
  27 dire elephants
  7 purple draconians
  7 lorocyprocas (Pan)
  10 red draconians
  A minotaur (Gauntlet)
  15 white draconians
  12 yellow draconians
  Azrael (D:14)
  4 deep elf annihilators
  2 spark wasps
  4 war gargoyles
  17 blizzard demons
  An acid blob zombie (Crypt:1)
  3 eidola
  Snorg (D:11)
  10 ettins
  16 jiangshi (Crypt:3)
  7 green deaths (Pan)
  A crystal guardian (Vaults:4)
  16 fire dragons
  2 entropy weavers
  12 ice dragons
  5 merfolk impalers
  12 yaktaur captains
  7 merfolk javelineers (Shoals:4)
  7 deep elf high priests
  14 great orbs of eyes
  44 vault guards
  Fannar (Lair:3)
  6 rakshasas
  6 hydras
  A juggernaut simulacrum (Depths:1)
  2 salamander tyrants (Snake:4)
  3 peacekeepers
  3 spriggan air magi
  3 hell beasts (Pan)
  An anaconda (shapeshifter) (Depths:1)
  6 merfolk aquamancers
  9 ironbound frosthearts
  4 ogre magi
  A fenstrider witch skeleton (Crypt:2)
  17 centaur warriors
  3 two-headed ogres
  5 death knights
  4 radroaches
  9 anacondas
  An alligator snapping turtle (Shoals:2)
  A titan zombie (Crypt:1)
  2 catoblepae
  33 dancing weapons
  4 boulder beetles
  4 merfolk avatars
  9 tengu warriors
  Urug (D:10)
  13 naga warriors
  8 naga sharpshooters
  5 orc high priests
  13 deep troll shamans
  2 satyrs (Shoals:4)
  5 vampire magi
  4 death yaks
  25 deep elf knights
  6 deep troll earth magi
  11 demonic crawlers
  2 occultists (Depths:2)
  9 shock serpents
  3 spriggan berserkers
  The ghost of Doumij the Slicer, a novice KoBr of Wu Jian (D:11)
  A shock serpent (shapeshifter) (Vaults:4)
  35 sun demons
  13 soul eaters (Pan)
  A titan skeleton (Crypt:1)
  8 hell knights
  2 skysharks
  2 shadow wraiths (Crypt:3)
  A wretched star (Abyss:2)
  12 sixfirhies
  Amaemon (D:11)
  14 iron trolls
  6 salamander mystics
  30 skeletal warriors
  10 shadow demons (Pan)
  A death drake (shapeshifter) (Vaults:3)
  13 sea snakes
  9 mana vipers
  68 deep trolls
  3 flayed ghosts
  A deep troll (shapeshifter) (Vaults:5)
  2 glowing orange brains
  10 bog bodies
  2 bunyip zombies (Crypt:1)
  2 obsidian bats
  15 deep elf archers
  An arcanist (Vaults:3)
  A lightning spire (Gauntlet)
  10 naga ritualists
  14 starcursed masses (Abyss:2)
  A bunyip skeleton (Crypt:3)
  9 phantasmal warriors
  3 thermic dynamos
  Pikel (D:7)
  32 deep elf zephyrmancers
  28 deep elf pyromancers
  15 necromancers
  16 lindwurms
  28 harpies
  20 ironbound convokers
  A goliath frog zombie (Crypt:2)
  An iron dragon zombie (Crypt:1)
  4 orc sorcerers (Orc:2)
  4 orc knights
  12 manticores
  Maurice (D:11)
  35 ugly things
  A spectral ettin (Crypt:3)
  A wolf spider (D:15)
  7 fauns
  4 shining eyes
  An oklob plant (Lair:3)
  13 cyclopes
  2 fauns (shapeshifter)
  9 merfolk sirens
  17 moths of wrath
  8 elephants
  3 meliai (D:14)
  4 Executioner simulacra (Pan)
  2 rust devils
  21 naga magi
  12 salamanders
  6 water nymphs
  A centaur zombie (D:15)
  4 stone giant skeletons
  4 ice statues
  A titan simulacrum (Depths:3)
  A dire elephant zombie (Crypt:1)
  6 guardian serpents
  12 smoke demons (Pan)
  35 black mambas
  6 torpor snails
  An eye of devastation (Abyss:2)
  18 vault sentinels
  24 large abominations
  A torpor snail (shapeshifter) (Depths:4)
  17 orange demons
  8 cane toads
  Maggie (Lair:2)
  A dire elephant skeleton (Crypt:1)
  2 naga skeletons (Crypt:1)
  A centaur skeleton (Crypt:1)
  An elf skeleton (Vaults:5)
  32 yaktaurs
  3 efreet
  An elephant slug zombie (Crypt:1)
  2 minotaur zombies (Gauntlet)
  8 ice devils
  4 unseen horrors
  8 rime drakes
  A spark wasp simulacrum (Depths:3)
  2 kobold demonologists (D:11)
  6 tengu conjurers
  7 freezing wraiths
  A great orb of eyes zombie (Crypt:2)
  12 komodo dragons
  2 red devils (Pan)
  5 tormentors
  A golden dragon simulacrum (Depths:3)
  3 harpy zombies
  A queen bee (Lair:2)
  A polar bear (shapeshifter) (D:15)
  5 wind drakes
  9 hellwings (Pan)
  33 merfolk
  A merfolk (shapeshifter) (Vaults:5)
  4 polar bears
  10 hornets
  4 glass eyes
  7 trolls
  A tengu simulacrum (Vaults:5)
  4 tyrant leeches (Lair:5)
  A harpy skeleton (Crypt:1)
  26 blink frogs
  A wolf spider simulacrum (D:15)
  22 dream sheep
  A fire dragon zombie (Crypt:1)
  5 raiju
  2 spriggan skeletons
  9 snapping turtles
  A snapping turtle (shapeshifter) (Depths:3)
  11 ynoxinuls
  25 slime creatures
  2 ettin skeletons
  7 shadows
  A centaur simulacrum (D:15)
  8 water elementals
  3 hogs (D:12)
  14 wyverns
  A naga simulacrum (Abyss:2)
  A tyrant leech zombie (Crypt:2)
  4 air elementals
  A vampire (D:11)
  An alligator snapping turtle simulacrum (Crypt:1)
  7 wraiths
  A golden eye (shapeshifter) (Elf:3)
  9 neqoxecs (Pan)
  A spriggan (Lair:3)
  11 basilisks
  47 yaks
  4 fire elementals
  A human (shapeshifter) (Abyss:2)
  2 wargs (Orc:1)
  18 chaos spawn
  A redback (Vaults:1)
  7 golden eyes
  A redback simulacrum (D:15)
  6 vampire mosquitoes
  A human simulacrum (Vaults:5)
  41 nagas
  A demonspawn zombie (Crypt:1)
  A hydra simulacrum (Crypt:1)
  18 water moccasins
  A skyshark zombie (Crypt:2)
  3 hell hounds (D:14)
  A fire bat skeleton (Crypt:2)
  35 orc warriors
  3 ice beasts
  A snapping turtle zombie (Crypt:2)
  A sky beast (shapeshifter) (D:15)
  3 black bears
  32 laughing skulls
  3 ogres
  9 wolves
  A human skeleton (Vaults:5)
  6 centaurs
  2 phantoms
  A yaktaur zombie (Crypt:1)
  A lemure (D:7)
  A weeping skull (Abyss:2)
  9 kobold brigands (D:11)
  6 brain worms (Pan)
  9 bullfrogs
  10 small abominations
  A wyvern zombie (Crypt:1)
  An earth elemental (Elf:3)
  3 scorpions
  A glowing shapeshifter simulacrum (Depths:3)
  8 wights (D:8)
  4 burial acolytes (Crypt:3)
  28 killer bees
  4 electric eels
  5 howler monkeys (D:9)
  6 jellies (Lair:4)
  4 quasits
  3 hounds
  25 orc priests
  A gnoll bouda (D:7)
  A scrub nettle (Lair:1)
  2 iguanas
  45 orc wizards
  A scorpion zombie (Crypt:2)
  4 sleepcaps
  9 hell rats (Lair:3)
  2 deep dwarf skeletons (Crypt:1)
  2 boggart simulacra (D:15)
  5 gnolls (D:7)
  8 adders
  A howler monkey skeleton (Crypt:2)
  3 shadow imps
  3 white imps
  4 ufetubi
  2 ribbon worms (D:2)
  2 dart slugs (D:1)
  97 orcs
  6 endoplasms
  9 giant cockroaches
  11 goblins
  7 hobgoblins
  11 jackals
  4 quokkas
  3 training dummies (D:5)
  5 ball pythons
  2 bats
  4 frilled lizards
  4 kobolds
  5 rats
  2 ball lightnings (Pan)
  2 starspawn tentacles (Abyss:2)
  3 tentacles (Shoals:1)
2757 creatures vanquished.

Vanquished Creatures (collateral kills)
  A pandemonium lord (Pan)
  A Hell Sentinel (Pan)
  A deep elf blademaster (Pan)
  A balrug (Pan)
  A lorocyproca (Pan)
  A demonspawn black sun (Pan)
  A demonic crawler (Pan)
  7 sun demons (Pan)
  3 soul eaters (Pan)
  A shadow demon (Pan)
  2 deep elf archers (Pan)
  2 smoke demons (Pan)
  3 tormentors (Pan)
  4 chaos spawn (Pan)
29 creatures vanquished.

Vanquished Creatures (others)
  A storm dragon (Zot:2)
  A demonspawn blood saint (Pan)
  A blizzard demon (Pan)
  A hydra (D:15)
  An ice dragon (Depths:2)
  A spriggan berserker (Depths:3)
  A shadow demon (Pan)
  A deep troll (Vaults:3)
  A deep elf zephyrmancer (Elf:3)
  3 ice statues (Pan)
  An ice devil (Pan)
  A tengu simulacrum (Depths:3)
  A basilisk (D:15)
  A neqoxec (Pan)
  2 orc priests
  5 ball lightnings (Pan)
  2 starspawn tentacles (Abyss:2)
  13 tentacles (Shoals:1)
38 creatures vanquished.

Grand Total: 2824 creatures vanquished

Notes
Turn   | Place    | Note
-------+----------+-------------------------------------------
     0 | D:1      | sekai the Human Wanderer began the quest for the Orb.
     0 | D:1      | sekai set off with the following items: a +0 dagger, a
                  | potion of invisibility, a +0 robe, a +0 pair of boots; and
                  | the following spells available to memorise: Necrotise,
                  | Sublimation of Blood, Apportation, Fugue of the Fallen,
                  | Volatile Blastmotes.
     0 | D:1      | Reached XP level 1. HP: 13/13 MP: 4/4
    75 | D:1      | Learned a level 1 spell: Necrotise
   140 | D:1      | Reached XP level 2. HP: 20/20 MP: 6/6
   345 | D:1      | Reached skill level 1 in Fighting
   372 | D:1      | Reached XP level 3. HP: 24/26 MP: 7/7
   923 | D:2      | Identified the +0 ring mail of the Hungering Gods {+Inv
                  | rF+}
   943 | D:2      | Found a faded altar of an unknown god.
  1115 | D:2      | Found Omeluun's Assorted Antiques.
  1321 | D:2      | Reached XP level 4. HP: 34/34 MP: 8/8
  2365 | D:4      | Reached skill level 1 in Dodging
  2386 | D:4      | Noticed a scorpion
  2394 | D:4      | Killed a scorpion
  2395 | D:4      | Reached XP level 5. HP: 41/41 MP: 9/9
  2619 | D:4      | Noticed a black bear
  2632 | D:4      | Killed a black bear
  2633 | D:4      | Reached XP level 6. HP: 44/48 MP: 10/10
  2842 | D:5      | Entered Level 5 of the Dungeon
  2859 | D:5      | Found an iron altar of Okawaru.
  2885 | D:5      | Became a worshipper of Warmaster Okawaru
  2901 | D:5      | Found a staircase to the Ecumenical Temple.
  2976 | D:4      | Reached skill level 1 in Invocations
  2976 | D:4      | Reached XP level 7. HP: 26/55 MP: 11/11
  3463 | D:5      | Reached skill level 1 in Maces & Flails
  3463 | D:5      | Reached skill level 1 in Throwing
  3732 | D:5      | Reached skill level 5 in Fighting
  3780 | D:5      | Identified the +0 pair of boots of Cih Umu {Slay+5 Stlth-}
  3912 | D:5      | Found Doejext's Weapon Shop.
  3994 | D:5      | Found Lyotedd's Firing Range.
  4159 | D:5      | Reached * piety under Okawaru
  4160 | D:5      | Reached XP level 8. HP: 62/62 MP: 12/12
  4386 | D:5      | Found a white marble altar of Elyvilon.
  4477 | D:6      | Reached skill level 1 in Axes
  4632 | D:6      | Reached ** piety under Okawaru
  4633 | D:6      | Reached skill level 5 in Dodging
  4943 | D:7      | Found Vymoaz's Armour Emporium.
  4978 | D:7      | Found a broken altar of Ashenzari.
  4981 | D:7      | Found a shadowy altar of Dithmenos.
  4993 | D:7      | Reached XP level 9. HP: 48/69 MP: 13/13
  5103 | D:7      | Found Zetaux's Weapon Boutique.
  5127 | D:7      | Found Jung's Magic Scroll Shop.
  5234 | D:7      | Noticed Pikel
  5243 | D:7      | Killed Pikel
  5244 | D:7      | Reached skill level 5 in Invocations
  5459 | D:7      | Found Medgh's Weapon Shoppe.
  5487 | D:7      | Found a flagged portal.
  5512 | Bailey   | Entered a bailey
  5586 | Bailey   | Reached *** piety under Okawaru
  5820 | Bailey   | Reached skill level 5 in Axes
  6153 | Bailey   | Reached XP level 10. HP: 60/80 MP: 14/14
  6393 | D:7      | Got Iromyil's Reference Book on Gritty Fascination
  6418 | D:7      | Found Nelory's Antique Weapon Boutique.
  6652 | D:7      | Bought a scroll of identify for 32 gold pieces
  6652 | D:7      | Bought a scroll of teleportation for 48 gold pieces
  6652 | D:7      | Bought 2 scrolls of revelation for 240 gold pieces
  7416 | D:8      | Found Vitisoz's Armour Shoppe.
  7706 | D:8      | Reached **** piety under Okawaru
  8518 | D:9      | Found a staircase to the Lair.
  8600 | D:9      | Found a blossoming altar of Fedhas.
  9202 | D:5      | Bought a +2 war axe of flaming for 201 gold pieces
  9362 | D:10     | Entered Level 10 of the Dungeon
  9392 | D:10     | Noticed a rust devil
  9403 | D:10     | Killed a rust devil
  9459 | D:10     | Reached skill level 5 in Armour
  9459 | D:10     | Reached skill level 1 in Evocations
  9483 | D:10     | Found a staircase to the Orcish Mines.
  9555 | D:10     | Reached XP level 11. HP: 76/89 MP: 17/17
  9558 | D:10     | Reached ***** piety under Okawaru
  9953 | D:10     | Noticed a two-headed ogre
  9966 | D:10     | Killed a two-headed ogre
  9966 | D:10     | Received a gift from Okawaru
 10333 | D:10     | Noticed Urug
 10356 | D:10     | Killed Urug
 10721 | D:11     | Found a runed translucent gate.
 10721 | D:11     | Found a runed translucent gate.
 10721 | D:11     | Found a runed translucent gate.
 10722 | D:11     | Noticed Doumij's ghost (novice KoBr)
 10727 | D:11     | Noticed Amaemon
 11012 | D:11     | Killed Amaemon
 11204 | D:11     | Identified the +8 hand axe of Acoud {freeze, rElec rC-
                  | Int+5 Dex-3}
 11286 | D:11     | Noticed a cyclops
 11297 | D:11     | Killed a cyclops
 11318 | D:11     | Noticed Snorg
 11512 | D:11     | Killed Snorg
 11512 | D:11     | Received a gift from Okawaru
 11759 | D:11     | Noticed a manticore
 11775 | D:11     | Killed a manticore
 11859 | D:11     | Noticed Maurice
 12502 | D:11     | Maurice stole the +8 hand axe of Acoud {freeze, rElec rC-
                  | Int+5 Dex-3}
 12506 | D:11     | Killed Maurice
 12507 | D:11     | Reached skill level 10 in Fighting
 12564 | D:12     | Reached XP level 12. HP: 86/97 MP: 19/19
 12845 | D:12     | Noticed Kirke
 12853 | D:12     | Reached skill level 5 in Evocations
 13119 | D:12     | Killed Kirke
 13216 | D:12     | Received a gift from Okawaru
 13224 | D:12     | Reached skill level 10 in Invocations
 13490 | D:12     | Noticed a two-headed ogre
 13495 | D:12     | Killed a two-headed ogre
 13739 | Lair:1   | Entered Level 1 of the Lair of Beasts
 14094 | Lair:1   | Received a gift from Okawaru
 14127 | D:9      | HP: 2/99 [poisoned by a black mamba]
 14656 | Lair:1   | Noticed a death yak
 14665 | Lair:1   | Killed a death yak
 14666 | Lair:1   | Reached XP level 13. HP: 102/106 MP: 19/21
 14982 | Lair:1   | Reached ****** piety under Okawaru
 14998 | Lair:1   | Acquired the +0 kite shield of Lilacs {Int+3}
 14998 | Lair:1   | Received a gift from Okawaru
 15000 | Lair:1   | Acquired the +9 broad axe of Bodily Harmony {speed, rElec
                  | rC+ Str+3 Stlth-}
 15000 | Lair:1   | Received a gift from Okawaru
 15525 | Lair:1   | Received a gift from Okawaru
 15541 | Lair:2   | Found a staircase to the Shoals.
 15613 | Lair:2   | Got Hesh's Vademecum on Telluric Conduction
 15628 | Lair:2   | Reached skill level 1 in Shields
 15712 | Lair:2   | Reached skill level 10 in Axes
 15904 | Lair:2   | Noticed Maggie
 15915 | Lair:2   | Killed Maggie
 16241 | Lair:2   | Received a gift from Okawaru
 17065 | Lair:3   | Found a staircase to the Snake Pit.
 17094 | Lair:3   | Noticed Fannar
 17122 | Lair:3   | Killed Fannar
 17278 | Lair:3   | Received a gift from Okawaru
 17554 | Lair:3   | Reached XP level 14. HP: 114/114 MP: 22/22
 18003 | Lair:3   | Got the Book of the Sun
 18036 | Lair:3   | Received a gift from Okawaru
 18675 | Lair:4   | Found a gate leading to a gauntlet.
 18775 | Gauntlet | Entered a Gauntlet
 18775 | Gauntlet | Found a transporter.
 18784 | Gauntlet | Found a transporter.
 18799 | Gauntlet | Found a transporter.
 18804 | Gauntlet | Found a transporter.
 18819 | Gauntlet | Found a transporter.
 18838 | Gauntlet | Found a transporter.
 18850 | Gauntlet | Found a transporter.
 18862 | Gauntlet | Found a transporter.
 18873 | Gauntlet | Noticed a reaper
 18874 | Gauntlet | Found a transporter.
 18886 | Gauntlet | Found a transporter.
 18892 | Gauntlet | Noticed a reaper
 18903 | Gauntlet | Found a transporter.
 18903 | Gauntlet | Found a transporter.
 18923 | Gauntlet | Found a transporter.
 18943 | Gauntlet | Found a transporter.
 18965 | Gauntlet | Found a transporter.
 19042 | Gauntlet | Found a transporter.
 19103 | Gauntlet | Found a transporter.
 19138 | Gauntlet | Found a transporter.
 19353 | Gauntlet | Identified the +4 helmet of Lucidity {Rampage rPois rC-
                  | Int+7}
 19410 | Gauntlet | Identified the +7 sling of Destiny {freeze, rF++ Int+4}
 19588 | Gauntlet | Identified the +1 robe of Shadows and Fog {Rampage rPois
                  | Dex+2}
 20002 | Lair:4   | Found a staircase to the Slime Pits.
 20127 | Lair:4   | Reached skill level 10 in Armour
 20506 | Lair:5   | Entered Level 5 of the Lair of Beasts
 20527 | Lair:5   | Received a gift from Okawaru
 20548 | Lair:5   | Reached skill level 5 in Shields
 20838 | Lair:5   | Received a gift from Okawaru
 21065 | Lair:5   | Reached XP level 15. HP: 90/122 MP: 24/24
 21178 | Lair:5   | Received a gift from Okawaru
 22328 | D:8      | Bought the +0 mask of the Dragon {Will+ Slay+3 SInv} for
                  | 400 gold pieces
 22328 | D:8      | Found the +0 mask of the Dragon {Will+ Slay+3 SInv}
 22540 | D:13     | Found a gate to the Vaults.
 23188 | D:13     | Found a stormy altar of Qazlal.
 23317 | D:13     | Found Etaq's Armour Emporium.
 23320 | D:13     | Bought the +2 pair of gloves of Weddemuamp {rC- Regen+
                  | rCorr Dex+4} for 370 gold pieces
 23388 | D:14     | Noticed Roxanne
 23411 | D:14     | Killed Roxanne
 23448 | D:14     | Noticed Azrael
 23461 | D:14     | Killed Azrael
 23473 | D:14     | Found a portal to a secret trove of treasure.
 23515 | D:14     | Received a gift from Okawaru
 23557 | D:14     | Noticed Louise
 23572 | D:14     | Killed Louise
 23708 | D:14     | Noticed Nessos
 23711 | D:14     | Killed Nessos
 23749 | D:14     | HP: 4/116 [laughing skull/bolt of negative energy (24)]
 24019 | D:14     | Noticed Rupert
 24032 | D:14     | Killed Rupert
 24081 | D:15     | Entered Level 15 of the Dungeon
 24209 | D:15     | Found the +8 frozen axe "Frostbite" {freeze, freezing
                  | cloud, *Noise Fly rC+}
 24235 | D:15     | Received a gift from Okawaru
 24263 | D:15     | Found a staircase to the Depths.
 24342 | D:15     | Identified the ring "Cogez" {Will+ Int+3 SInv}
 24426 | D:15     | Noticed a frost giant
 24433 | D:15     | Killed a frost giant
 24540 | D:15     | Identified the ring "Ohibudd" {+Blink rCorr EV+5 SInv}
 24705 | D:15     | Received a gift from Okawaru
 24706 | D:15     | Reached XP level 16. HP: 114/131 MP: 25/25
 24776 | D:15     | Found Lomm's Weapon Emporium.
 24790 | D:15     | Identified the +0 pair of gloves of the Merchant {rC-
                  | Int+6}
 24840 | D:15     | Identified the +0 chain mail "Yzuydu" {Str+6 Stlth+}
 24973 | D:15     | Identified the ring of Welaus {Str+6 Dex-3 SInv Stlth+}
 24994 | D:15     | Found Qoniumaf's Weapon Emporium.
 25038 | D:15     | Reached skill level 15 in Axes
 25081 | D:15     | Received a gift from Okawaru
 25197 | D:15     | Found Vadwecyjuz's Antique Weapon Shop.
 25202 | D:15     | Found a transporter.
 25288 | D:15     | Found a transporter.
 25346 | D:15     | Noticed a sphinx
 25352 | D:15     | Killed a sphinx
 25440 | D:15     | Received a gift from Okawaru
 25630 | D:11     | Killed Doumij's ghost
 25660 | D:11     | Identified a scroll of acquirement
 25661 | D:11     | Acquired the +0 pair of boots of the Archfiend {*Corrode
                  | rElec rPois Will+++}
 25719 | Orc:1    | Entered Level 1 of the Orcish Mines
 25746 | Orc:1    | Found Keedgh's Magic Scroll Shop.
 25749 | Orc:1    | Found a roughly hewn altar of Beogh.
 25816 | Orc:1    | Bought a scroll of fear for 60 gold pieces
 26025 | Orc:2    | Entered Level 2 of the Orcish Mines
 26160 | Orc:2    | Found a staircase to the Elven Halls.
 26403 | Orc:2    | Received a gift from Okawaru
 26481 | Orc:2    | Found Guraakk's Assorted Antiques.
 26481 | Orc:2    | Found Ycvosan's Armour Shop.
 26481 | Orc:2    | Found Iguded's Antique Armour Boutique.
 26488 | Orc:2    | Found Vocaut's General Store.
 26594 | Orc:2    | Bought a scroll of revelation for 90 gold pieces
 26594 | Orc:2    | Bought a scroll of teleportation for 36 gold pieces
 26594 | Orc:2    | Bought a potion of heal wounds for 60 gold pieces
 27319 | Snake:1  | Entered Level 1 of the Snake Pit
 27322 | Snake:1  | Found Waulaniu's Magic Scroll Shop.
 27324 | Snake:1  | Found Uxtyppeo's Weapon Shoppe.
 27331 | Snake:1  | Bought a scroll of teleportation for 51 gold pieces
 27379 | Snake:1  | Acquired 1209 gold pieces
 27728 | Snake:1  | Reached XP level 17. HP: 140/140 MP: 26/26
 27793 | Snake:1  | Found Maes Ewe's Assorted Antiques.
 28026 | Snake:1  | Received a gift from Okawaru
 29117 | Snake:2  | Received a gift from Okawaru
 29519 | Snake:3  | Reached skill level 10 in Shields
 29559 | Snake:3  | Found Wotsodgh's Distillery.
 29613 | Snake:3  | Bought a potion of berserk rage for 90 gold pieces
 29782 | Snake:3  | Received a gift from Okawaru
 29938 | Snake:3  | Noticed Agnes
 29948 | Snake:3  | Killed Agnes
 30207 | Snake:3  | Received a gift from Okawaru
 30265 | Snake:3  | Reached skill level 15 in Fighting
 30595 | Snake:4  | Entered Level 4 of the Snake Pit
 30722 | Snake:4  | Found Poam's Antique Armour Shoppe.
 30722 | Snake:4  | Found Lofurul's Antique Armour Emporium.
 30724 | Snake:4  | Found Kefyagosh's Armour Shoppe.
 30728 | Snake:4  | Found Vehi Riliedgh's Jewellery Emporium.
 30853 | Snake:4  | Reached XP level 18. HP: 149/149 MP: 27/27
 30960 | Snake:4  | Received a gift from Okawaru
 31674 | Snake:4  | Got a serpentine rune of Zot
 32255 | Shoals:1 | Entered Level 1 of the Shoals
 32406 | Shoals:1 | Received a gift from Okawaru
 32529 | Shoals:1 | Found Sysaphuph's Magic Scroll Boutique.
 32553 | Shoals:1 | Bought a scroll of blinking for 112 gold pieces
 32625 | Shoals:1 | Found Jeaklig's Jewellery Shoppe.
 32651 | Shoals:1 | Found Ber Seik's Assorted Antiques.
 32656 | Shoals:1 | Found Vionnicve's Assorted Antiques.
 32687 | Shoals:1 | Bought a brown potion for 36 gold pieces
 32698 | Shoals:1 | Bought a scroll of teleportation for 60 gold pieces
 32787 | Shoals:1 | Found an ornate altar of the Wu Jian Council.
 32910 | Shoals:1 | Found Uklenw Idoe's General Store.
 33264 | Shoals:2 | Received a gift from Okawaru
 33571 | Shoals:2 | Noticed Jorgrun
 33580 | Shoals:2 | Killed Jorgrun
 33857 | Shoals:3 | Noticed Donald
 34066 | Shoals:3 | Reached XP level 19. HP: 149/157 MP: 29/29
 34077 | Shoals:3 | Noticed Polyphemus
 34111 | Shoals:3 | Received a gift from Okawaru
 34146 | Shoals:3 | Killed Donald
 34857 | Shoals:4 | Entered Level 4 of the Shoals
 35025 | Shoals:4 | Reached skill level 10 in Evocations
 35294 | Shoals:4 | Received a gift from Okawaru
 35605 | Shoals:4 | Got a barnacled rune of Zot
 36344 | Shoals:4 | Acquired 924 gold pieces
 36417 | Shoals:4 | Received a gift from Okawaru
 37104 | Snake:1  | Bought shiny gold dragon scales for 3403 gold pieces
 37341 | Elf:1    | Entered Level 1 of the Elven Halls
 37554 | Elf:1    | Reached skill level 15 in Armour
 37631 | Elf:1    | Paralysed by an air elemental for 1 turns
 37926 | Elf:1    | Identified the +7 bardiche of Dividends {antimagic, Dex+4
                  | SInv}
 37999 | Elf:2    | Found Kimihak's Armour Shoppe.
 38106 | Elf:2    | Found Witsos's Distillery.
 38133 | Elf:2    | Bought a potion of haste for 190 gold pieces
 38179 | Elf:2    | Found Uhiah's Armour Boutique.
 38267 | Elf:2    | Received a gift from Okawaru
 38276 | Elf:2    | Reached XP level 20. HP: 123/167 MP: 30/30
 38377 | Elf:2    | Found a runed translucent gate.
 38377 | Elf:2    | Found a runed translucent gate.
 38377 | Elf:2    | Found a runed translucent gate.
 38652 | Abyss:2  | Cast into level 2 of the Abyss (+4 trident of distortion)
 38757 | Abyss:2  | Noticed a pearl dragon
 38764 | Abyss:2  | Paralysed by accursed screaming for 1 turns
 38776 | Abyss:2  | Killed a pearl dragon
 38814 | Abyss:2  | Paralysed by accursed screaming for 1 turns
 38825 | Abyss:2  | Received a gift from Okawaru
 38834 | Elf:2    | Escaped the Abyss
 38882 | Elf:2    | Reached skill level 15 in Shields
 39284 | Elf:3    | Entered Level 3 of the Elven Halls
 39375 | Elf:3    | Identified the +4 robe "Jogism" {rF+ Int+2 SInv}
 39375 | Elf:3    | Noticed Boris
 39383 | Elf:3    | Killed Boris
 39547 | Elf:3    | Paralysed by an air elemental for 1 turns
 39600 | Elf:3    | Found Rivyitar's Assorted Antiques.
 39765 | Elf:3    | Paralysed by an air elemental for 1 turns
 39770 | Elf:3    | Paralysed by an air elemental for 1 turns
 39777 | Elf:3    | Paralysed by an air elemental for 1 turns
 39890 | Elf:3    | Received a gift from Okawaru
 40188 | Elf:3    | Noticed a Brimstone Fiend
 40262 | Elf:3    | Gained mutation: Your body sometimes deteriorates upon
                  | taking damage. [a cacodemon]
 40449 | Elf:3    | Identified the +5 short sword "Uhathaqo" {freeze, rElec
                  | Str+3}
 40540 | Elf:3    | Identified the +1 scale mail of Resourcefulness {^Contam
                  | rC+ Dex+5}
 40545 | Elf:3    | Identified the +0 troll leather armour of Beogh's Esteem
                  | {Fly rElec rF- Regen+ Str-5}
 40546 | Elf:3    | Received a gift from Okawaru
 40568 | Elf:3    | Identified the +0 pair of gloves of Pleasant Breezes {rPois
                  | rF- Regen+}
 40579 | Elf:3    | Got the Tractate on the Planar Cemetery
 40582 | Elf:3    | Got the Guidebook on Hyperbolic Topomancy
 40584 | Elf:3    | Identified the +1 ring mail "Erutt" {Harm Will- Int+4
                  | Dex+3}
 40593 | Elf:3    | Identified the +0 scimitar "Ber Yruo" {freeze, Fly rElec
                  | rF+++ Str-5}
 40985 | Vaults:1 | Entered Level 1 of the Vaults
 41001 | Vaults:1 | Found Viziezox's Book Shoppe.
 41064 | Vaults:1 | Reached XP level 21. HP: 110/177 MP: 27/31
 41129 | Vaults:1 | Found a flickering gateway to a bazaar.
 41137 | Bazaar   | Entered a bazaar
 41137 | Bazaar   | Found Qetz's Antique Weapon Shop.
 41149 | Bazaar   | Found Butroheb's Antique Armour Shop.
 41175 | Bazaar   | Found Marerom's Distillery.
 41445 | Vaults:1 | Received a gift from Okawaru
 42216 | Vaults:1 | Received a gift from Okawaru
 42549 | Vaults:2 | Received a gift from Okawaru
 42883 | Vaults:2 | Identified the +11 arbalest of the Crypt {freeze, rElec
                  | rPois Str-4 Int-2}
 42887 | Vaults:2 | Identified the +10 arbalest of the Hand {flame, rElec Will+
                  | Stlth+}
 43065 | Vaults:2 | Received a gift from Okawaru
 43494 | Vaults:3 | Reached XP level 22. HP: 188/188 MP: 32/32
 43511 | Vaults:3 | Found a staircase to the Crypt.
 43916 | Vaults:3 | Received a gift from Okawaru
 44352 | Vaults:3 | Received a gift from Okawaru
 44776 | Vaults:4 | Found Uhudgh's Armour Boutique.
 44948 | Vaults:4 | Noticed Zenata
 44978 | Vaults:4 | Killed Zenata
 45243 | Vaults:4 | Received a gift from Okawaru
 46163 | Vaults:5 | Entered Level 5 of the Vaults
 46163 | Vaults:5 | Noticed a dread lich
 46186 | Vaults:5 | Received a gift from Okawaru
 46198 | Vaults:5 | Reached XP level 23. HP: 90/192 MP: 33/33
 46217 | Vaults:5 | Noticed a dread lich
 46238 | Vaults:5 | Killed a dread lich
 46300 | Vaults:5 | Reached skill level 5 in Throwing
 46459 | Vaults:5 | Killed a dread lich
 46459 | Vaults:5 | Received a gift from Okawaru
 46507 | Vaults:5 | Identified the +8 great sword of Traps {freeze, ^Fragile
                  | rCorr Int+2}
 46657 | Vaults:5 | Got a silver rune of Zot
 46803 | Vaults:5 | Noticed an ancient lich
 46806 | Vaults:5 | Noticed an ancient lich
 46814 | Vaults:5 | Killed an ancient lich
 46828 | Vaults:5 | Killed an ancient lich
 47122 | Vaults:5 | Received a gift from Okawaru
 47257 | Vaults:5 | Identified the amulet "Cerufu" {RegenMP+ Int+4}
 47350 | Vaults:5 | Got the Exposition on Associated Conduction
 47464 | Vaults:5 | Identified the +0 scale mail of the Boiling Point {Rampage
                  | rPois Int+4}
 47942 | D:13     | Upgraded the game from 0.32-a0-872-g59262bd to
                  | 0.32-a0-875-g23b751d
 48035 | Depths:1 | Entered Level 1 of the Depths
 48079 | Depths:1 | Found a gateway to Hell.
 48190 | Depths:1 | Identified the +4 robe of Noughts and Crosses {Rampage
                  | rPois rF+}
 48190 | Depths:1 | Noticed Boris
 48228 | Depths:1 | Killed Boris
 48254 | Depths:1 | Received a gift from Okawaru
 48257 | Depths:1 | Reached XP level 24. HP: 140/206 MP: 33/33
 48449 | Depths:1 | Found a one-way gate to the infinite horrors of the Abyss.
 48722 | Depths:1 | Found a one-way gate leading to the halls of Pandemonium.
 49317 | Depths:2 | You fall into a shaft and drop 2 floors!
 49317 | Depths:4 | Entered Level 4 of the Depths
 49435 | Depths:4 | Received a gift from Okawaru
 49458 | Depths:4 | Reached skill level 10 in Throwing
 49656 | Depths:4 | Found a gate to the Realm of Zot.
 49816 | Depths:4 | Received a gift from Okawaru
 50153 | Depths:3 | Identified the ring of Meti {Ice +Blink Dex+3}
 50153 | Depths:3 | Noticed Josephina
 50173 | Depths:3 | Killed Josephina
 50318 | Depths:3 | Found a one-way gateway to a ziggurat.
 50718 | Depths:3 | Noticed a caustic shrike
 50733 | Depths:3 | Killed a caustic shrike
 50733 | Depths:3 | Received a gift from Okawaru
 50958 | Depths:3 | Noticed a dread lich
 50983 | Depths:3 | Killed a dread lich
 50984 | Depths:3 | Reached XP level 25. HP: 122/215 MP: 28/33
 50988 | Depths:3 | Received a gift from Okawaru
 51027 | Depths:3 | Found the +6 Majin-Bo {spellvamp, MP+6 Int+6}
 51287 | Depths:2 | Noticed Saint Roka
 51311 | Depths:2 | Noticed a juggernaut
 51322 | Depths:2 | Killed a juggernaut
 51395 | Depths:2 | Found Ileonila's Book Shoppe.
 51395 | Depths:2 | Found Xapnas's Jewellery Boutique.
 51396 | Depths:2 | Found Urphun's Jewellery Boutique.
 51452 | Depths:2 | Received a gift from Okawaru
 51495 | Depths:2 | Killed Saint Roka
 51584 | Depths:2 | Got Fauqulae's Parchment of Funereal Places
 52120 | Zot:1    | Entered Level 1 of the Realm of Zot
 52394 | Zot:1    | Received a gift from Okawaru
 53166 | Zot:2    | Reached skill level 15 in Throwing
 53188 | Arena    | Entered the Arena
 53333 | Zot:2    | Received a gift from Okawaru
 53516 | Zot:2    | Reached XP level 26. HP: 150/226 MP: 33/33
 54230 | Zot:3    | Received a gift from Okawaru
 54452 | Zot:3    | Noticed a Killer Klown
 54463 | Zot:3    | Killed a Killer Klown
 55089 | Zot:4    | Received a gift from Okawaru
 56457 | Zot:5    | Entered Level 5 of the Realm of Zot
 56712 | Zot:5    | Received a gift from Okawaru
 57171 | Zot:5    | Noticed a dread lich
 57200 | Zot:5    | Killed a dread lich
 57221 | Zot:5    | Noticed a dread lich
 57251 | Zot:5    | Noticed an orb of fire
 57269 | Zot:5    | Killed a dread lich
 57274 | Zot:5    | Noticed an orb of fire
 57280 | Zot:5    | Killed an orb of fire
 57280 | Zot:5    | Received a gift from Okawaru
 57282 | Zot:5    | Noticed a Killer Klown
 57285 | Zot:5    | Noticed an ancient lich
 57289 | Zot:5    | Noticed a Killer Klown
 57293 | Zot:5    | Killed an orb of fire
 57294 | Zot:5    | Reached skill level 5 in Stealth
 57294 | Zot:5    | Reached XP level 27. HP: 211/235 MP: 33/33
 57321 | Zot:5    | Killed an ancient lich
 57382 | Zot:5    | Noticed an ancient lich
 57405 | Zot:5    | Killed an ancient lich
 57408 | Zot:5    | Received a gift from Okawaru
 58379 | Temple   | Entered the Ecumenical Temple
 58394 | Temple   | Fell from the grace of Okawaru
 58394 | Temple   | Became a worshipper of the Shining One
 58935 | Crypt:1  | Entered Level 1 of the Crypt
 58976 | Crypt:1  | Reached * piety under the Shining One
 59003 | Crypt:1  | Reached ** piety under the Shining One
 59028 | Crypt:1  | Paralysed by a vampire knight for 3 turns
 59059 | Crypt:1  | Reached *** piety under the Shining One
 59275 | Crypt:1  | Reached **** piety under the Shining One
 60002 | Crypt:2  | Reached ***** piety under the Shining One
 60726 | Crypt:3  | Entered Level 3 of the Crypt
 60895 | Crypt:3  | Found a basalt altar of Yredelemnul.
 60930 | Crypt:3  | Reached ****** piety under the Shining One
 60974 | Crypt:3  | Found a staircase to the Tomb.
 60974 | Crypt:3  | Noticed Jory
 60996 | Crypt:3  | Killed Jory
 61150 | Crypt:3  | Identified the ring of Koruyru {rElec rPois rN+ Int+2}
 61390 | Crypt:3  | Identified a +9 broad axe of holy wrath (a +9 spectral
                  | broad axe blessed by the Shining One)
 61390 | Crypt:3  | Received a gift from the Shining One
 61734 | Crypt:3  | Identified the +7 long sword of Qoeff {flame, rElec rF+
                  | Int-3 Stlth+}
 62257 | Shoals:1 | Bought a scroll of butterflies for 60 gold pieces
 62281 | Shoals:1 | Bought an amulet of regeneration for 600 gold pieces
 62281 | Shoals:1 | Bought the ring of Youthful Indiscretion {*Corrode rC+ AC+4
                  | Int+4 Dex+3} for 1182 gold pieces
 62604 | Elf:2    | Bought a +1 tower shield of protection for 198 gold pieces
 62899 | Pan      | Entered Pandemonium
 62999 | Pan      | Noticed Dinau the pandemonium lord
 63023 | Pan      | Killed Dinau the pandemonium lord
 63475 | Pan      | Reached skill level 15 in Invocations
 63996 | Pan      | Found an exit through the horrors of the Abyss.
 64395 | Pan      | Noticed Ogibait Zuig the pandemonium lord
 64410 | Pan      | Killed Ogibait Zuig the pandemonium lord
 64763 | Pan      | Noticed Ignacio
 64779 | Pan      | Killed Ignacio
 65235 | Pan      | Reached skill level 10 in Stealth
 65369 | Pan      | Noticed Duxkur the pandemonium lord
 65379 | Pan      | Killed Duxkur the pandemonium lord
 65524 | Pan      | Found an exit through the horrors of the Abyss.
 65996 | Pan      | Identified the +4 great mace of the Usurping Gods {heavy,
                  | rPois}
 66521 | Pan      | Was forgiven by Okawaru
 66625 | Pan      | Noticed Fogowk the pandemonium lord
 66731 | Pan      | Killed Fogowk the pandemonium lord
 66831 | Pan      | Got a demonic rune of Zot
 66927 | Pan      | Acquired 949 gold pieces
 67045 | Pan      | Gained mutation: You possess an exceptional clarity of
                  | mind. [a neqoxec]
 67147 | Pan      | Noticed Pyewnaj the pandemonium lord
 67159 | Pan      | Killed Pyewnaj the pandemonium lord
 67805 | Pan      | Entered the realm of Mnoleg.
 68314 | Pan      | Gained mutation: You occasionally lose the ability to drink
                  | potions when taking damage. [a cacodemon]
 68318 | Pan      | Gained mutation: Your health recovers twice as slowly from
                  | being drained. [a cacodemon]
 68346 | Pan      | Lost mutation: Your health recovers twice as slowly from
                  | being drained. [potion of mutation]
 68346 | Pan      | Lost mutation: Your body sometimes deteriorates upon taking
                  | damage. [potion of mutation]
 68346 | Pan      | Gained mutation: You are vulnerable to cold. (rC-) [potion
                  | of mutation]
 68346 | Pan      | Gained mutation: You are resistant to electric shocks.
                  | (rElec) [potion of mutation]
 68442 | Pan      | Gained mutation: You are clumsy. (Dex -2) [a cacodemon]
 68444 | Pan      | Gained mutation: Your health recovers twice as slowly from
                  | being drained. [a cacodemon]
 68662 | Pan      | Gained mutation: You are dopey. (Int -2) [a neqoxec]
 69050 | Pan      | Gained mutation: You are occasionally teleported next to
                  | monsters. [a cacodemon]
 69163 | Pan      | Noticed Mnoleg
 69167 | Pan      | Gained mutation: You are vulnerable to heat. (rF-) [a
                  | shining eye]
 69175 | Pan      | Lost mutation: You possess an exceptional clarity of mind.
                  | [a shining eye]
 69207 | Pan      | HP: 10/240 [Mnoleg (37)]
 69207 | Pan      | Demolished by Mnoleg

Illustrated notes

Levels and vault maps discovered:
D:1:      dreamdust_arrival_sigmund_warning, layout_loops_ring
D:2:      layout_basic, hellmonk_ecumenical_altar_arch_garden, serial_shops,
          shop_statue
D:3:      layout_loops_cross
D:4:      layout_cave_pools
D:5:      layout_loops_cross, kennysheep_okawaru_gauntlet,
          nicolae_elyvilon_temple_path, minmay_temple_entry_stoned_glass,
          serial_shops, nicolae_shop_back_alley_shop, nicolae_shop_firing_range
D:6:      layout_rooms
D:7:      layout_basic, nicolae_overflow_squiral, serial_shops,
          nicolae_shop_advertising_works [nicolae_subvault_shop_adworks], shop,
          nicolae_stop_n_shop_1, nicolae_shop_pleasant_corner_grove,
          nicolae_shop_bloodbath_and_beyond, enter_bailey_5,
          minmay_a_box_with_orc_wizards_in_it, uniq_pikel
D:8:      layout_basic, serial_shops, shop
D:9:      layout_stronghold, fedhas_bush_and_centaur_altar, lair_entry_dummy
D:10:     layout_loops_ring, david_orc_2, serial_demonic, serial_demonic_d,
          serial_demonic_d, serial_demonic_g, serial_demonic_g, uniq_urug
D:11:     layout_cave_pools, gammafunk_ghost_nasty_kobolds, uniq_snorg,
          uniq_maurice, uniq_amaemon
D:12:     layout_roguey, uniq_kirke
D:13:     layout_loops_ring, erik_vaults_1, serial_shops,
          nicolae_shop_behind_doors, nicolae_qazlal_scattered_showers
D:14:     layout_big_octagon, enter_trove_1, uniq_roxanne, uniq_azrael,
          uniq_nessos, uniq_louise, uniq_rupert
D:15:     hangedman_spin_cycle
Temple:   nicolae_temple_bog_church
Lair:1:   layout_gridlike, evilmike_ambush [evilmike_ambush_outer_doors,
          evilmike_ambush_inner_basic], grunt_megastairs_4
Lair:2:   layout_layer_cave, nicolae_shoals_entry_roost, special_room
          [special_room_bee], serial_bayou_pond_a,
          nicolae_quartered_pool_little, serial_bayou_shore_b, uniq_maggie
Lair:3:   layout_roguey [special_room_mythical_zoo],
          guppyfry_snake_entry_island, grunt_forest_stairs_clearing,
          grunt_megastairs_2, uniq_fannar
Lair:4:   layout_roguey, nicolae_slime_entry_slimehenge, gauntlet_entry_generic
Lair:5:   wormcave, layout_regular_city
Shoals:1: layout_shoals, serial_shops, nicolae_shop_crystal, nicolae_shop_trees,
          nicolae_shop_crystal, shop, shop, wheals_shoals_ruined_temple
Shoals:2: layout_shoals, nicolae_shoals_secluded_bog, uniq_jorgrun
Shoals:3: layout_shoals, nicolae_shoals_flooded_hall, uniq_donald,
          uniq_polyphemus
Shoals:4: shoals_end_simple, layout_shoals, nicolae_shoals_water_booths
Snake:1:  layout_layer_cave, serial_shops, nicolae_shop_window_shopping, shop,
          shop, drop_trap
Snake:2:  layout_misc_corridors
Snake:3:  hangedman_cross_stitches, layout_basic, serial_shops,
          nicolae_shop_window_shopping, uniq_agnes
Snake:4:  johnstein_snake_rune_scales, layout_cave_town, minmay_shoptagon
Orc:1:    layout_diamond_mine, serial_shops, shop, mines2_david
Orc:2:    st_orc_mages, layout_caves
Elf:1:    layout_loops_cross, kennysheep_underground_church
Elf:2:    elven_hall_of_blades_hangedman_original [nooodl_blade_entry_preview],
          layout_geoelf_grid, serial_shops, shop_fountains, shop_statue, shop
Elf:3:    elf_hall_gauntlet_wide, layout_geoelf_diagonals, serial_shops,
          nicolae_shop_tiny_waterfront, uniq_boris
Vaults:1: nicolae_vaults_house_2, nicolae_vaults_layer_cake_slice, v_misc_19,
          v_misc_29, v_rooms_4, nicolae_vaults_hexular_roomagon,
          nicolae_vaults_trapezoid_lopsided_3, nicolae_vaults_network_s,
          nicolae_vaults_asterisk, nicolae_vaults_weapon_check,
          hangedman_vaults_maws, layout_vaults_big_room, serial_shops,
          statue_bzr, nicolae_shop_crystal
Vaults:2: nicolae_vaults_tetromino_L_1, hangedman_vaults_maws,
          nicolae_vaults_shrinking_rooms_1, nicolae_vaults_diagonal_hallway_6,
          dpeg_vaults_monster_row, v_misc_10, nicolae_vaults_double_plus_2,
          nicolae_vaults_two_Ls, nicolae_vaults_doubleplus_tesselated,
          nicolae_vaults_house_3, nicolae_vaults_yaktaur_gun_rack,
          nicolae_vaults_theta, layout_vaults_maze_snakey
Vaults:3: nicolae_vaults_offset_grid_hallway_2,
          vaults_mumra_minichess_inversion, vaults_mumra_hexcomb,
          nicolae_vaults_know_your_exits, nicolae_vaults_rhombus_6, v_pattern_3,
          minmay_crypt_entry_simple_corners, vaults_room_door_hall, v_misc_5,
          layout_vaults_omnicross
Vaults:4: hangedman_vaults_stitches, vaults_room_octagon, v_misc_10,
          nicolae_vaults_taking_the_gang_shopping, v_misc_17, vaults_room_grid,
          v_misc_33, nicolae_vaults_little_squares_2,
          nicolae_vaults_tetromino_L_1, nicolae_vaults_tetromino_T_1,
          vaults_room_guarded_vault, layout_vaults_omnigrid, uniq_zenata
Vaults:5
Crypt:1:  layout_gridlike
Crypt:2:  layout_chaotic_city, grunt_megastairs_1
Crypt:3:  grunt_crypt_end_deaths_head
Depths:1: layout_cave_shapes, pan_entry, hell_entry, abyss_entry,
          reono_crystal_passage, kennysheep_generic_room_4
Depths:2: nzn_winding_woodlands_large [nzn_winding_woodlands_5x5_closed_star,
          nzn_winding_woodlands_5x15_sawtooth,
          nzn_winding_woodlands_5x5_checkerboard,
          nzn_winding_woodlands_center_pierced_h,
          nzn_winding_woodlands_15x15_five_gardens,
          nzn_winding_woodlands_center_diamonds,
          nzn_winding_woodlands_hourglass, nzn_winding_woodlands_5x15_jagged,
          nzn_winding_woodlands_5x5_perimeter], layout_cave_shapes,
          grunt_pan_entry_zigzag, hangedman_geh_valley, minmay_misc_feat_roman,
          minmay_misc_feat_four_crosses, infiniplex_staircase_pool_2,
          serial_bayou_shore_b, minmay_shop_grove, uniq_saint_roka
Depths:3: minmay_guarded_unrand_majin_bo, layout_cave_pools, enter_ziggurat_c,
          serial_sigils_hangedman_quiver, minmay_room_of_horrors, hell_entry,
          minmay_checkered_concentric_circles, infiniplex_staircase_zigzag_1,
          uniq_jory, uniq_josephina
Depths:4: grunt_zot_entry_gee_three, layout_gridlike,
          hangedman_abyss_entry_splay, minmay_fountain_box, hell_entry
Zot:1:    layout_gridlike
Zot:2:    layout_onion_interference, regret_index_zotdec_gossamer_gf
Zot:3:    layout_cellular_growth, zot_minivault_2
Zot:4:    cheibrodos_frozen_isle, layout_misc_corridors,
          hangedman_zot_diagonal_lockstep
Zot:5:    layout_twisted_circle
Pan:      grunt_pan_spiral, layout_pan_divisions_a [pan_division_quadrant_a2,
          pan_division_quadrant_a5, pan_division_quadrant_a6,
          pan_division_quadrant_a6, pan_division_octagon_rings],
          nicolae_pan_strange_glyphs [nicolae_pan_strange_glyph_rage,
          nicolae_pan_strange_glyph_melancholia, nicolae_pan_strange_glyph_envy,
          nicolae_pan_strange_glyph_melancholia,
          nicolae_pan_strange_glyph_worry], nicolae_pan_sick_transit,
          evilmike_mini_pan_pillars_b, layout_gridlike, uniq_ignacio,
          reaverb_pan_figure_eight, nicolae_pan_cerebovesque_3,
          regret_index_pan_glitter_hall, grunt_pan_zigzag, layout_grid_shapes,
          grunt_pan_frozen_over, layout_pan_divisions_b
          [pan_division_quadrant_b3, pan_division_quadrant_b4,
          pan_division_quadrant_b4, pan_division_quadrant_b3],
          evilmike_mini_pan_thingy, layout_basic, mnoleg_st, layout_stronghold,
          nicolae_pan_cerebovesque_4

Skill      XL: |  1  2  3  4  5  6  7  8  9 10 11 12 13 14 15 16 17 18 19 20 21 22 23 24 25 26 27 |
---------------+----------------------------------------------------------------------------------+-----
Fighting       | 1 2 3 4 5 6 7 9 10 11 12 13 14 15 16 18 19 20 21 22 23 24 | 24.7
Stealth        | 3 5 11 | 11.7
Dodging        | 2 3 4 5 |  5.0
Invocations    | 1 2 4 6 8 9 10 11 12 13 14 16 | 16.5
Maces & Flails | 1 |  1.5
Throwing       | 1 3 4 8 12 15 16 18 | 18.8
Armour         | 2 3 5 6 8 9 10 11 12 13 14 15 16 17 18 19 20 21 22 23 | 23.8
Axes           | 2 5 7 8 9 11 12 14 16 17 19 | 19.2
Evocations     | 1 4 6 7 8 9 10 11 12 14 | 14.0
Shields        | 3 5 7 9 10 11 13 16 18 19 20 21 22 24 | 24.2
Spellcasting   | |  3.0
Necromancy     | |  3.0
Translocations | |  1.1

Action                     |  1- 3 |  4- 6 |  7- 9 | 10-12 | 13-15 | 16-18 | 19-21 | 22-24 | 25-27 || total
---------------------------+-------+-------+-------+-------+-------+-------+-------+-------+-------++-------
  Melee: Dagger            |    22 |       |    18 |   107 |       |       |       |       |       ||   147
         Mace              |    98 |   165 |   379 |    16 |       |       |       |       |       ||   658
         Morningstar       |       |       |       |    88 |       |       |       |       |       ||    88
         War axe           |       |       |       |   421 |    94 |    16 |       |       |       ||   531
         Demon whip        |       |       |       |    18 |       |       |       |       |       ||    18
         Unarmed           |       |       |       |    10 |    31 |       |       |       |       ||    41
         Broad axe         |       |       |       |       |  1020 |  1428 |  1578 |  1576 |  3798 ||  9400
   Fire: Sling             |       |     5 |       |       |       |       |       |       |       ||     5
  Throw: Boomerang         |       |    14 |    19 |       |       |       |       |       |       ||    33
         Throwing net      |       |       |     1 |       |       |       |       |       |       ||     1
         Javelin           |       |       |       |     4 |       |       |       |       |    36 ||    40
         Dart              |       |       |       |     9 |     1 |       |       |       |       ||    10
   Cast: Necrotise         |     5 |       |       |       |       |       |       |       |       ||     5
 Invoke: Heroism           |       |       |     1 |     2 |     5 |     2 |     3 |     4 |     3 ||    20
         Receive Weapon    |       |       |       |       |     1 |       |       |       |       ||     1
         Receive Armour    |       |       |       |       |     1 |       |       |       |       ||     1
         Finesse           |       |       |       |       |     2 |     3 |     6 |     6 |     7 ||    24
         Duel              |       |       |       |       |       |       |       |       |     1 ||     1
         Divine Shield     |       |       |       |       |       |       |       |       |    12 ||    12
         Summon Divine War |       |       |       |       |       |       |       |       |     8 ||     8
         Cleansing Flame   |       |       |       |       |       |       |       |       |     6 ||     6
         Brand Weapon With |       |       |       |       |       |       |       |       |     1 ||     1
  Evoke: Wand              |       |       |    30 |     5 |     1 |       |       |       |     1 ||    37
         Phial of floods   |       |       |       |       |     1 |       |       |       |       ||     1
    Use: Scroll            |     3 |     1 |       |    12 |    14 |     6 |    11 |     6 |     9 ||    62
         Potion            |       |       |     1 |     3 |     1 |       |       |     2 |     8 ||    15
   Stab: Sleeping          |     4 |       |     1 |       |       |       |       |       |       ||     5
         Paralysed         |       |       |     6 |    10 |       |       |       |       |       ||    16
         Invisible         |       |       |     5 |       |       |       |       |       |       ||     5
         Petrified         |       |       |       |       |     3 |       |       |       |       ||     3
         Distracted        |       |       |       |       |     1 |       |       |       |       ||     1
         Petrifying        |       |       |       |       |     1 |       |       |       |       ||     1
 Armour: Robe              |    23 |       |       |       |       |       |       |       |       ||    23
         Ring mail         |    74 |   152 |   138 |       |       |       |       |       |       ||   364
         Steam dragon scal |       |       |   246 |       |       |       |       |       |       ||   246
         Crystal plate arm |       |       |       |  1086 |   996 |   886 |   294 |       |       ||  3262
         Skin              |       |       |       |    20 |    13 |       |     2 |       |       ||    35
         Gold dragon scale |       |       |       |       |       |       |   461 |   698 |  1646 ||  2805
  Dodge: Dodged            |    60 |    89 |   339 |    52 |    46 |    42 |    65 |   107 |   284 ||  1084
  Block: Other             |       |    42 |   119 |   170 |     9 |       |       |       |       ||   340
         Reflection        |       |       |     3 |     7 |    23 |   114 |    98 |    47 |    36 ||   328
         Kite shield       |       |       |       |       |   552 |       |       |       |       ||   552
         Tower shield      |       |       |       |       |   129 |  1456 |  1321 |  1442 |  3314 ||  7662

Table legend: (Time is in decaauts)
 A = Elapsed time spent in this place.
 B = Non-inter-level travel time spent in this place.
 C = Inter-level travel time spent in this place.
 D = Time resting spent in this place.
 E = Time spent auto-exploring this place.
 F = Levels seen in this place.
 G = Mean time per level.
                   A        B        C        D        E       F      G
               +--------+--------+--------+--------+--------+-----+--------+
         Total |  66181 |  58910 |   7271 |   8308 |  28231 |  62 | 1067.4 |
       Dungeon |  18668 |  15997 |   2671 |   3660 |   6965 |  15 | 1244.5 |
        Temple |     31 |      2 |     29 |      0 |      0 |   1 |   31.0 |
          Lair |   7451 |   6805 |    646 |   1041 |   3959 |   5 | 1490.2 |
        Shoals |   4974 |   4274 |    700 |    569 |   1758 |   4 | 1243.5 |
     Snake Pit |   4834 |   4224 |    610 |    381 |   2527 |   4 | 1208.5 |
  Orcish Mines |   1545 |   1160 |    385 |     95 |    571 |   2 |  772.5 |
   Elven Halls |   3217 |   2864 |    353 |    254 |   1423 |   3 | 1072.3 |
        Vaults |   6482 |   5567 |    915 |    527 |   3081 |   5 | 1296.4 |
         Crypt |   2613 |   2421 |    192 |      0 |   1564 |   3 |  871.0 |
        Depths |   3868 |   3478 |    390 |    156 |   1929 |   4 |  967.0 |
           Zot |   5130 |   4753 |    377 |    839 |   2194 |   5 | 1026.0 |
         Abyss |    144 |    144 |      0 |      0 |      4 |   1 |  144.0 |
   Pandemonium |   5465 |   5465 |      0 |    366 |   1914 |   6 |  910.8 |
        Bazaar |     80 |     80 |      0 |      0 |     37 |   1 |   80.0 |
        Bailey |    844 |    844 |      0 |    252 |      0 |   1 |  844.0 |
      Gauntlet |    803 |    803 |      0 |    167 |    302 |   1 |  803.0 |
         Arena |     25 |     25 |      0 |      0 |      0 |   1 |   25.0 |
               +--------+--------+--------+--------+--------+-----+--------+

Top non-repeatable levels by time:
     D:9: 2293 daAuts
    D:10: 2061 daAuts
  Lair:2: 1885 daAuts
     D:5: 1808 daAuts
    D:11: 1750 daAuts
  Lair:3: 1649 daAuts
  Lair:5: 1535 daAuts
 Snake:1: 1490 daAuts
    D:15: 1433 daAuts
Shoals:3: 1431 daAuts
Shoals:4: 1407 daAuts
Vaults:1: 1404 daAuts
Vaults:3: 1385 daAuts
 Snake:4: 1379 daAuts
Vaults:4: 1370 daAuts
